AoeStats
← wan !

Arena

510011781Analyzed
4v4 RM · 3d ago on Sep 29, 2026· 62m 31s· 8 players
Game mode
Random Map
Map size
Large (8 player)
Population
200
Speed
Normal
Resources
Standard
Victory
Conquest
Starting age
Dark Age
Ending age
Imperial Age
RankedLock teamsTeams togetherTeam positionsShared explorationLock speedFull tech treeHidden civsTurbo modeCheats
Victory
Defeat
🇨🇱 Bohemians · Chile
1077
+11
🇨🇱 Celts · Chile
991
+15
🇨🇱 Persians · Chile
972
+15
🇨🇱 Spanish · Chile
964
+17
🇫🇷 Turks · France
996
-16
🇧🇾 Saracens · Belarus
969
-15
🇲🇽 Spanish · Mexico
967
-14
🇺🇸 Franks · United States
927
-13
Borzak4113
0:34 Loom
11:26 Feudal Age
18:51 Castle Age
17:32 Stone Mining
25:38 Wheelbarrow
25:40 Caravan
26:20 Double-Bit Axe
28:02 Bow Saw
27:36 Horse Collar
27:54 Gold Mining
29:08 Fervor
29:09 Inquisition
31:10 Forging
30:52 Fletching
31:33 Padded Archer Armor
32:02 Heavy Plow
32:43 Stone Shaft Mining
32:36 Bodkin Arrow
32:57 Leather Archer Armor
37:54 Ballistics
37:47 Fortified Wall
37:47 Masonry
42:05 Husbandry
42:16 Bloodlines
45:31 Imperial Age
42:47 Town Watch
43:26 Hand Cart
47:25 Conscription
47:44 Bracer
48:15 Ring Archer Armor
47:55 Elite Conquistador
57:49 Forging
57:44 Scale Barding Armor
razors-38i
12:35 Feudal Age
16:44 Castle Age
21:00 Imperial Age
19:39 Double-Bit Axe
21:09 Fletching
Unfi
0:31 Loom
11:07 Feudal Age
12:03 Town Watch
15:24 Castle Age
13:30 Horse Collar
13:54 Double-Bit Axe
31:39 Forging
36:29 Bow Saw
38:29 Iron Casting
38:00 Scale Barding Armor
42:07 Ballistics
41:43 Murder Holes
46:42 Fortified Wall
47:26 Wheelbarrow
47:10 Heavy Plow
52:00 Hand Cart
54:02 Gold Mining
54:02 Stone Mining
54:36 Fletching
54:47 Padded Archer Armor
59:18 Imperial Age
56:45 Crossbowman
57:53 Thumb Ring
Quack Y Attack
8:50 Loom
10:42 Feudal Age
14:37 Castle Age
12:48 Double-Bit Axe
16:25 Bow Saw
20:17 Wheelbarrow
20:08 Town Watch
22:42 Gold Mining
24:41 Scale Barding Armor
24:42 Husbandry
25:26 Hand Cart
27:43 Imperial Age
25:53 Chain Barding Armor
26:13 Forging
27:59 Iron Casting
28:00 Cavalier
29:18 Plate Barding Armor
29:43 Blast Furnace
29:21 Stone Mining
30:11 Ballistics
30:55 Chemistry
30:34 Paladin
31:34 Fletching
32:31 Caravan
32:29 Bodkin Arrow
34:46 Padded Archer Armor
34:56 Chivalry
35:19 Conscription
36:21 Hoardings
ᛒ
11:10 Feudal Age
11:18 Loom
12:02 Town Watch
17:47 Castle Age
19:08 Double-Bit Axe
19:10 Horse Collar
22:12 Gold Mining
23:54 Forging
27:25 Wheelbarrow
27:36 Husbandry
28:12 Bow Saw
28:32 Heavy Plow
33:45 Imperial Age
32:35 Bloodlines
33:17 Hand Cart
33:41 Cavalier
36:17 Scale Barding Armor
36:47 Iron Casting
36:51 Crop Rotation
38:20 Gold Shaft Mining
39:03 Chain Barding Armor
39:44 Blast Furnace
38:15 Savar
43:11 Two-Man Saw
43:00 Plate Barding Armor
51:03 Heavy Camel Rider
57:33 Light Cavalry
58:55 Hussar
wan !
11:17 Feudal Age
12:24 Double-Bit Axe
15:10 Castle Age
16:48 Bow Saw
16:20 Horse Collar
19:27 Wheelbarrow
22:32 Hand Cart
22:48 Loom
28:25 Imperial Age
26:08 Fervor
27:29 Chemistry
26:39 Heavy Plow
27:36 Fletching
27:46 Padded Archer Armor
28:35 Bodkin Arrow
30:22 Two-Man Saw
29:47 Town Watch
30:25 Sanctity
32:51 Siege Engineers
32:57 Masonry
32:52 Bracer
33:07 Leather Archer Armor
33:04 Forging
34:18 Houfnice
35:11 Murder Holes
35:46 Architecture
37:05 Conscription
38:03 Caravan
38:28 Wagenburg Tactics
41:27 Pikeman
42:07 Squires
42:44 Iron Casting
42:10 Scale Mail Armor
43:19 Halberdier
45:01 Blast Furnace
48:07 Town Patrol
cplenz
10:38 Feudal Age
8:55 Loom
15:31 Castle Age
13:18 Loom
27:23 Fortified Wall
29:47 Fletching
29:58 Padded Archer Armor
33:00 Imperial Age
32:28 Bloodlines
32:16 Elite Skirmisher
33:06 Scale Barding Armor
33:13 Forging
34:09 Pikeman
34:52 Squires
37:11 Chemistry
36:31 Ballistics
36:09 Murder Holes
39:01 Bodkin Arrow
38:39 Cavalier
40:18 Conscription
39:56 Gold Mining
39:54 Double-Bit Axe
40:45 Wheelbarrow
39:54 Horse Collar
40:28 Masonry
40:56 Halberdier
41:43 Arson
43:51 Iron Casting
43:16 Scale Mail Armor
45:57 Heavy Plow
51:06 Chain Mail Armor
51:52 Blast Furnace
51:08 Leather Archer Armor
50:53 Bracer
57:12 Plate Mail Armor
57:58 Ring Archer Armor
60:12 Hand Cart
J4MAL MURR4Y
3:18 Loom
12:42 Feudal Age
16:28 Castle Age
15:55 Man-at-Arms
16:56 Man-at-Arms
17:23 Arson
19:14 Horse Collar
19:21 Double-Bit Axe
27:51 Wheelbarrow
27:21 Heavy Plow
27:15 Stone Mining
28:21 Town Watch
30:25 Hand Cart
29:59 Loom
29:38 Long Swordsman
29:38 Pikeman
29:44 Elite Skirmisher
31:09 Gambesons
31:37 Forging
31:27 Scale Mail Armor
31:43 Scale Mail Armor
36:15 Imperial Age
35:36 Iron Casting
35:16 Chain Mail Armor
37:24 Bow Saw
37:39 Conscription
36:54 Halberdier
39:58 Blast Furnace
39:28 Plate Mail Armor
44:03 Fletching
44:16 Padded Archer Armor
44:31 Gold Mining
44:59 Bodkin Arrow
45:40 Ballistics
48:03 Leather Archer Armor
50:20 Chemistry
51:39 Gold Shaft Mining
52:54 Masonry
52:50 Siege Engineers
52:48 Town Patrol
52:11 Capped Ram
53:18 Siege Ram
61:02 Furor Celtica
Connection lost

Rejoining the realm…

Still unreachable

The connection could not be restored.

Session expired

The server has moved on; the page needs a fresh start.